[Event "Czech Open-Rapid 2022"]
[Site "Pardubice"]
[Date "2022.07.20"]
[Round "3.5"]
[White "Silar, Lubomir"]
[Black "Plat, Vojtech"]
[Result "1/2-1/2"]
[ECO "B07"]
[WhiteElo "1993"]
[BlackElo "2554"]
[Annotator "TA"]
[PlyCount "105"]
[EventDate "2022.07.20"]
[EventType "swiss"]
[EventCountry "CZE"]
[SourceTitle "playchess.com"]
[Source "ChessBase"]
[SourceQuality "1"]
[TimeControl "1200+10"]

1. d4 d6 2. e4 Nf6 3. Nc3 e5 4. dxe5 dxe5 5. Qxd8+ Kxd8 6. Bg5 Be6 7. Bd3 {[%emt 0:00:16] B07: Pirc Defence: Miscellaneous Systems.} (7. O-O-O+ {feels hotter.} Nbd7 8. f4 exf4 9. Nf3) 7... Nbd7 8. Nge2 {[%emt 0:00:02] [#]} c6 $146 ({Predecessor:} 8... h6 9. Bh4 g5 10. Bg3 Bb4 11. a3 Bxc3+ 12. Nxc3 c6 13. f3 Ke7 14. O-O-O Ne8 {½-½ (41) Murray,J (2031)-Roberts,P (2201) Cobo Bay 2005}) 9. O-O h6 10. Bxf6+ Nxf6 11. Rad1 Kc7 12. h3 Bc5 13. Na4 Be7 14. b3 b5 15. Nac3 Bc5 16. Kh1 g5 17. Ng3 h5 18. Nf5 h4 19. f3 Rad8 20. a4 a6 21. axb5 axb5 22. Ne2 Ra8 23. Ra1 Rhd8 24. Rxa8 Rxa8 25. g3 {[%emt 0:00:37] [#]} Nh5 (25... hxg3 $1 $19 {aiming for ...Nh5.} 26. Nexg3 Nd7) 26. gxh4 $17 gxh4 27. Rd1 Rg8 28. Ra1 Bxf5 29. exf5 Be3 30. Be4 Ng3+ (30... Nf6 $17 31. Rd1 Bf2) 31. Nxg3 $11 Rxg3 {[%emt 0:00:01][%mdl 4096] Endgame KRB-KRB} 32. Kh2 (32. Ra6 $11) 32... Bf4 $17 33. Ra6 {[%emt 0:02:39] [#]} (33. Ra7+ $2 Kb6 34. Rd7 Rxf3+ 35. Kg2 Re3 $19) (33. Kh1 $17) 33... Rxf3+ $2 (33... Kb7 $1 $19 34. Ra1 Rxf3+ 35. Kg2 Rg3+ 36. Kf1 Rxh3) 34. Kg2 $15 Rc3 ({Black should try} 34... Rg3+ $15 35. Kf1 Rxh3 36. Rxc6+ Kd7) 35. Ra7+ $11 Kb6 36. Rxf7 Re3 37. Bf3 e4 38. Bxe4 Rxe4 {[%emt 0:00:15] KRB-KR} 39. Kf3 Rb4 (39... Rd4 $5 40. c3 Rd3+ 41. Kxf4 Rxh3 $14) 40. c3 Rxb3 41. Kxf4 {[%emt 0:00:01] And now f6 would win.} Rxc3 {[%emt 0:00:00] KR-KR} 42. f6 Rxh3 43. Re7 {[%emt 0:00:37] f7 would kill now.} Rh1 {[%emt 0:00:07] Strongly threatening ...h3.} 44. Re3 {[%emt 0:00:03] Threatening mate with f7.} Rf1+ 45. Rf3 $1 Ra1 (45... Rxf3+ $2 46. Kxf3 h3 47. f7 $18) 46. f7 Ra8 {[%emt 0:00:02] Threatens to win with ...Rf8.} 47. Ke5 $1 Rf8 {[%emt 0:00:02] White must now prevent ...b4.} 48. Ke6 c5 $2 (48... b4 $11 49. Ke7 Rxf7+ 50. Kxf7 Kb5) 49. Ke7 Rxf7+ 50. Kxf7 c4 51. Ke6 Kc5 52. Rf5+ $2 (52. Ke5 {mates} b4 53. Rf8 c3 54. Rc8+ Kb6 55. Kd4 h3 56. Kd3 Kb7 57. Rc4) 52... Kd4 $1 53. Rxb5 {[%emt 0:00:25] Weighted Error Value: White=0.22 (precise) /Black=0.28 (precise)} 1/2-1/2

[Event "Czech Open-Rapid 2022"]
[Site "Pardubice"]
[Date "2022.07.20"]
[Round "3.6"]
[White "Stocek, Jiri"]
[Black "Aradhya, Garg"]
[Result "0-1"]
[ECO "A28"]
[WhiteElo "2548"]
[BlackElo "2229"]
[Annotator "TA"]
[PlyCount "76"]
[EventDate "2022.07.20"]
[EventType "swiss"]
[EventCountry "CZE"]
[SourceTitle "playchess.com"]
[Source "ChessBase"]
[SourceQuality "1"]
[TimeControl "1200+10"]

1. c4 e5 2. Nc3 Nf6 3. Nf3 Nc6 4. e3 d5 5. cxd5 Nxd5 6. Bb5 Nxc3 7. bxc3 Bd6 8. d4 O-O {[%emt 0:00:19] [#] Recently 8...Bd7 got a lot of attention. A28: English Opening: Four Knights Variation.} 9. a4 $146 ({Predecessor:} 9. Bxc6 bxc6 10. dxe5 Bc5 11. Qxd8 Rxd8 12. O-O Ba6 13. Re1 Rab8 14. Nd4 Rb6 15. a4 Bc4 16. a5 {1-0 (49) Prilleltensky,M (2136)-Player,E (2172) Chess.com INT 2021}) 9... Qf6 10. Ba3 Bg4 {[%emt 0:00:36] The position is equal.} 11. h3 Bh5 12. Bxd6 cxd6 13. Be2 Na5 14. O-O Rac8 15. Nd2 Bg6 16. Nb3 Nc4 17. a5 Rc7 18. Bf3 Qg5 19. Ra2 e4 20. Be2 Qd5 (20... Bf5 $15 21. Bg4 Bxg4 22. Qxg4 Qd5) 21. Qc2 $11 Rfc8 {[%emt 0:00:08][%cal Oc4e3] White must now prevent ...Nxe3!} 22. Rc1 Bf5 23. h4 Be6 24. Bxc4 (24. Ra4 $1 $15) 24... Qxc4 $17 ({But not} 24... Rxc4 $6 25. Raa1 $15) 25. Ra3 {[%emt 0:00:06][%mdl 8192] [#] Now White is beyond hope.} (25. Rb2 $17 {is tougher.}) 25... Qxc3 $19 {[%emt 0:00:36] Black is clearly winning.} 26. Qxe4 Qb4 ({Don't go for} 26... Qxb3 $2 27. Rxb3 Rxc1+ 28. Kh2 Bxb3 29. Qxb7 $19) 27. Rca1 Bxb3 28. Kh2 Be6 29. a6 d5 30. Qf4 b5 31. R3a2 Rc6 32. Rd1 Qd6 33. Kg3 Qxf4+ 34. Kxf4 Rc2 35. Rxc2 Rxc2 36. Rb1 Rxf2+ 37. Ke5 h5 38. Rxb5 Ra2 {[%emt 0:00:04] Weighted Error Value: White=0.48/Black=0.18 (very precise)} 0-1

[Event "Czech Open-Rapid 2022"]
[Site "Pardubice"]
[Date "2022.07.20"]
[Round "3.7"]
[White "Gressmann, Moritz"]
[Black "Pulpan, Jakub"]
[Result "0-1"]
[ECO "A46"]
[WhiteElo "2114"]
[BlackElo "2424"]
[Annotator "TA"]
[PlyCount "86"]
[EventDate "2022.07.20"]
[EventType "swiss"]
[EventCountry "CZE"]
[SourceTitle "playchess.com"]
[Source "ChessBase"]
[SourceQuality "1"]
[TimeControl "1200+10"]

1. d4 Nf6 2. Nf3 d5 3. g3 b5 4. a4 b4 5. c4 bxc3 6. Nxc3 e6 7. Bg2 Be7 8. O-O O-O {[%emt 0:00:02] A46: 1 d4 Nf6 2 Nf3 e6: Torre, London and Colle Systems.} 9. Bf4 c5 10. dxc5 Bxc5 {[%emt 0:00:04] The position is equal.} 11. Nb5 Na6 {[%emt 0:02:26] Prevents Nc7.} 12. Rc1 Bb7 {[%emt 0:01:38] [#]} (12... Qb6 $11 {remains equal.}) 13. Ne5 $1 $16 {[%emt 0:01:47][%cal Bf3e5,Be5d3,Bd3c5][%mdl 32] [#]} Nh5 $146 ({Predecessor:} 13... Rc8 14. Bg5 Nb4 15. Ng4 Be7 16. Rxc8 Bxc8 17. Bxf6 Bxf6 18. Nxa7 Bd7 19. Nxf6+ Qxf6 {0-1 (78) Badelka,O (2440)-Arabidze,M (2437) Tornelo INT 2020}) 14. Bd2 Bb6 15. b4 Nc7 16. Nxc7 Bxc7 17. Nd3 Nf6 18. Nc5 Bc8 ({Black should try} 18... Rb8 $14) 19. Bg5 a6 20. e4 Rb8 21. exd5 exd5 22. Bxf6 ({White should play} 22. Qd2 $16) 22... Qxf6 $14 {[%emt 0:00:01] [#]} 23. Qxd5 (23. Nxa6 $1 $14 Bxa6 24. b5 Bxb5 25. axb5) 23... Rxb4 $11 24. Nd7 Bxd7 25. Qxd7 Bb6 26. Rc6 Qe5 27. Bd5 {[%emt 0:00:40][%cal Od7f7] White threatens Qxf7+! and mate.} g6 28. Rc8 (28. a5 $11 Bd4 29. Rxa6) 28... Rxc8 $15 29. Qxc8+ Kg7 30. Qd7 Qf6 31. Kh1 Rb2 32. f4 Bc5 33. Rc1 Qd4 34. Qxf7+ Kh6 {( -> ...Qf2)} 35. g4 {[%emt 0:01:28] Intending g5+ and mate.} Qf2 $40 {[%emt 0:00:27][%csl Gb2][%cal Rf2h2][%mdl 128] White needs to defend precisely.} 36. g5+ Kh5 37. Qxh7+ Kg4 38. Be6+ Kxf4 {[%emt 0:00:15][%csl Gb2][%cal Rf2g2] The board is on fire.} 39. Qc7+ Ke4 40. Qc6+ Kf4 41. Rc4+ Bd4 42. Qd6+ Kxg5 (42... Ke4 $5 43. Bd5+ (43. Qd5+ $2 Kd3 $19) 43... Kf5 44. Qf8+ Kxg5 45. Qxf2 Bxf2 $11) 43. Qe7+ $2 (43. Qg3+ $11 Qxg3 44. hxg3) 43... Kh6 {[%emt 0:00:11] Never resign too early!  Weighted Error Value: White=0.27 (precise) /Black=0.14 (very precise)} 0-1

[Event "Czech Open-Rapid 2022"]
[Site "Pardubice"]
[Date "2022.07.20"]
[Round "3.8"]
[White "Jirovsky, Milos"]
[Black "Polak, Benedikt"]
[Result "1-0"]
[ECO "A39"]
[WhiteElo "2458"]
[BlackElo "2120"]
[Annotator "TA"]
[PlyCount "49"]
[EventDate "2022.07.20"]
[EventType "swiss"]
[EventCountry "CZE"]
[SourceTitle "playchess.com"]
[Source "ChessBase"]
[SourceQuality "1"]
[TimeControl "1200+10"]

1. Nf3 c5 2. c4 Nc6 3. g3 g6 4. Bg2 Bg7 5. Nc3 Nf6 6. O-O O-O 7. d4 cxd4 8. Nxd4 Nxd4 9. Qxd4 d6 10. Qd3 Be6 11. Bd2 Qc8 12. b3 {[%emt 0:00:02] A39: Symmetrical English vs ...g6: 4 Bg2 Bg7 5 Nf3 Nf6 6 0-0 0-0 7 d4.} Bh3 13. Rac1 Bxg2 14. Kxg2 {[%emt 0:00:01] White is slightly better.} a6 15. f3 {[%emt 0:00:26] [#]} Qd7 $146 ({Predecessor:} 15... Qc7 16. Rfd1 Rfd8 17. Bg5 Qc5 18. Bxf6 Bxf6 19. Nd5 Kg7 20. a4 a5 21. e4 e6 {1-0 (36) Cebalo,M (2515)-Sislian,H (2180) Genova 1998}) 16. Bg5 Rab8 17. a4 h6 18. Be3 (18. Bxf6 $5 Bxf6 19. Rfd1 $14) 18... Rfc8 19. Rfd1 {[%emt 0:00:31] White is more active.} Qe6 20. Qd2 Kh7 21. Ba7 Ra8 22. Bd4 Nd7 (22... h5 $14) 23. Bxg7 $16 Kxg7 24. Nd5 {[%emt 0:00:02] aiming for Rc3.} Kh7 {[%emt 0:01:45] [#]} (24... Qe5 $16 {is a better defense.} 25. Rc3 e6) 25. Rc3 $1 {[%emt 0:00:09] Weighted Error Value: White=0.04 (flawless) /Black=0.27 (precise)} 1-0

[Event "Czech Open-Rapid 2022"]
[Site "Pardubice"]
[Date "2022.07.20"]
[Round "3.9"]
[White "Contos, Vaclav sr"]
[Black "Vykouk, Jan"]
[Result "0-1"]
[ECO "A50"]
[WhiteElo "2074"]
[BlackElo "2476"]
[Annotator "TA"]
[PlyCount "68"]
[EventDate "2022.07.20"]
[EventType "swiss"]
[EventCountry "CZE"]
[SourceTitle "playchess.com"]
[Source "ChessBase"]
[SourceQuality "1"]
[TimeControl "1200+10"]

1. d4 Nf6 2. c4 g6 3. f3 c5 4. d5 e6 5. e4 d6 6. Nc3 exd5 7. cxd5 Bg7 8. Be3 O-O 9. Bd3 b6 {[%emt 0:00:43] E81: King's Indian: Sämisch: 6th move deviations (including 6 Be3 c6).} (9... Nbd7 $11) 10. Qd2 Ba6 11. Bxa6 Nxa6 {[%emt 0:00:02] The position is equal.} 12. Nge2 Nc7 {[%emt 0:00:02] [#]} 13. Bg5 $146 ({Predecessor:} 13. O-O b5 14. a4 a6 15. Rfc1 Qd7 16. axb5 axb5 17. Nd1 Rxa1 18. Rxa1 Ra8 19. Rxa8+ Nxa8 {½-½ (63) Molina,R (2434)-Weinstein,N (2450) Chess.com INT 2020}) 13... b5 14. O-O b4 15. Nd1 Re8 16. Bh6 (16. a3 $14) 16... Bh8 (16... Bxh6 $15 17. Qxh6 Nfxd5) 17. Ne3 Nd7 18. Nc4 Nb6 19. Rac1 (19. Ne3 $11) 19... Nxc4 $15 (19... f5 {is interesting.} 20. Ng3 fxe4 21. fxe4 Nxc4 22. Rxc4 Nb5) 20. Rxc4 Nb5 21. Bg5 Qd7 22. h4 a5 23. h5 (23. g4 {feels hotter.} Be5 24. Kf2 f5 25. gxf5 gxf5 26. Rg1) 23... a4 24. hxg6 hxg6 25. f4 $2 {[%emt 0:01:40] [#]} (25. Kf2 $15) 25... f5 (25... Qg4 $1 $19 {Strongly threatening ...Nd4.} 26. e5 Rxe5 27. fxe5 Qxc4) 26. e5 (26. exf5 $142 Qxf5 27. Ng3) 26... dxe5 $17 27. Rxc5 {[%emt 0:00:02] [#]} exf4 $2 (27... Qa7 $1 $19 28. Qxb4 Nd6) 28. Rxf4 $2 (28. Rc6 $1 $11) 28... Qa7 $19 29. Rfc4 (29. Qxb4 Rac8 30. Rfc4) 29... Nd6 30. Qc2 (30. Kf1 b3 31. axb3 axb3 32. Qd3) 30... Nxc4 31. Qxc4 Re4 ({Wrong is} 31... Rxe2 $2 32. d6+ Qf7 33. d7 $19) 32. Qc1 Rxe2 33. Kf1 Rae8 34. d6 Re1+ {[%emt 0:00:36] Weighted Error Value: White=1.06/Black=0.28 (precise)} 0-1

[Event "Czech Open-Rapid 2022"]
[Site "Pardubice"]
[Date "2022.07.20"]
[Round "3.10"]
[White "Luch, Michal"]
[Black "Dosedel, Jiri"]
[Result "1-0"]
[ECO "E68"]
[WhiteElo "2375"]
[BlackElo "2008"]
[Annotator "TA"]
[PlyCount "123"]
[EventDate "2022.07.20"]
[EventType "swiss"]
[EventCountry "CZE"]
[SourceTitle "playchess.com"]
[Source "ChessBase"]
[SourceQuality "1"]
[TimeControl "1200+10"]

1. d4 Nf6 2. c4 d6 3. Nf3 g6 4. g3 Bg7 5. Bg2 O-O 6. O-O Nbd7 7. Nc3 e5 8. e4 c6 9. b3 Qc7 {[%emt 0:00:29] Recently 9...exd4 got a lot of attention. E68: King's Indian: Fianchetto: 6...Nbd7 7 0-0 e5 8 e4.} 10. h3 a6 11. Be3 Re8 {[%emt 0:00:26] White is slightly better.} 12. Rc1 {[%emt 0:00:49] [#]} b6 $146 ({Predecessor:} 12... Qa5 13. dxe5 dxe5 14. Qc2 Bf8 15. Rcd1 b5 16. Nd2 Nc5 17. Ne2 b4 18. Rfe1 Ne6 {0-1 (48) Lengyel,F (2139)-Vachylya,A (2178) Hungary 2017}) 13. Qd2 Bb7 14. d5 c5 (14... Nc5 $14) 15. Ne1 $16 Nf8 16. Nd3 Bc8 17. Kh2 Rb8 18. a4 Bd7 19. b4 cxb4 20. Nxb4 Qb7 21. Rfe1 Rec8 22. Bf1 (22. Rb1 {looks sharper.} Rxc4 23. Bf1 Rxe4 24. Nxe4 Nxe4 25. Qc1) 22... Be8 23. Rb1 {[%emt 0:00:18][%cal Oa4a5] aiming for a5!} a5 24. Nc2 N8d7 {[%emt 0:00:01] Against c5} 25. f3 Nc5 26. Na3 Bf8 27. Nab5 Bxb5 28. Rxb5 Ne8 29. Reb1 f5 $2 (29... Nc7 $16) 30. exf5 $18 gxf5 31. Bd3 Ng7 (31... Nxd3 $142 32. Rxb6 (32. Qxd3 Qc7 $16) 32... Qc7 33. Rxb8 (33. Qxd3 Rxb6 34. Bxb6 Qxc4 $14) 33... Rxb8 34. Qxd3 Rxb1 35. Nxb1 Bg7) 32. Bxc5 Rxc5 33. Rxc5 (33. Rxb6 $18 Qxb6 34. Rxb6 Rxb6 35. g4) 33... dxc5 $16 34. Qh6 Qc7 35. Re1 Re8 36. Qf6 Qe7 37. Qxe7 {[%emt 0:00:32] 0x0.001f240697dedp-1022s more active pieces.} Rxe7 38. g4 fxg4 (38... Rf7 $16 {keeps fighting.} 39. Nb5 fxg4) 39. hxg4 $18 ({Don't take} 39. fxg4 Rf7 40. Kg3 Bd6) 39... Rf7 (39... Ne8 {is a better defense.} 40. Ne4 h6) 40. Kg2 ({Don't blunder} 40. Rxe5 $2 Bd6 41. f4 Rxf4 $19) 40... Bd6 41. Rh1 Ne8 42. Ne4 Bf8 $2 (42... Be7 43. Rh5 Nd6 44. Rxe5 Nxe4) 43. Ng5 $1 Nf6 (43... Re7 $142 44. Bxh7+ Kh8 45. Bg6+ Kg7) 44. Nxf7 Kxf7 {[%emt 0:00:02][%mdl 4096] Endgame KRB-KBN} 45. g5 Ne8 46. Rxh7+ Bg7 47. Rh1 Nd6 48. Rb1 Nc8 49. Bf5 Ne7 50. Be6+ Kg6 51. Rxb6 {[%emt 0:00:02] [#] Threatening mate with d6.} Kxg5 52. Rb5 Kf4 53. Rxc5 Ng6 54. Rc7 Bf6 55. Rf7 {[%emt 0:00:05] White mates.} Kg5 56. c5 Nf4+ 57. Kf1 Nh5 58. c6 Kf4 {[%emt 0:00:02] [#]} 59. Rxf6+ $1 Nxf6 60. c7 Kxf3 61. c8=Q Ne4 62. d6 {[%emt 0:00:23] Weighted Error Value: White=0.16 (very precise) /Black=0.38} 1-0

[Event "Czech Open-Rapid 2022"]
[Site "Pardubice"]
[Date "2022.07.20"]
[Round "3.11"]
[White "Jonsson, Gauti Pall"]
[Black "Lalic, Bogdan"]
[Result "1/2-1/2"]
[ECO "C44"]
[WhiteElo "2071"]
[BlackElo "2412"]
[Annotator "TA"]
[PlyCount "74"]
[EventDate "2022.07.20"]
[EventType "swiss"]
[EventCountry "CZE"]
[SourceTitle "playchess.com"]
[Source "ChessBase"]
[SourceQuality "1"]
[TimeControl "1200+10"]

1. e4 e5 2. Nf3 Nc6 3. d4 exd4 4. Nxd4 Qf6 5. Nf3 Bb4+ 6. Nbd2 {[%emt 0:01:09] C45: Scotch Game.} Nge7 {[%emt 0:00:21] [#]} 7. Bc4 $146 ({Predecessor:} 7. Bd3 d6 8. O-O O-O 9. c3 Bc5 10. e5 Nxe5 11. Nxe5 dxe5 12. Ne4 Qc6 13. Qh5 {1-0 (43) Gazik,V (2542)-Nguyen,T (2577) Tornelo INT 2021}) 7... d6 8. h3 O-O 9. O-O Ne5 10. Nxe5 dxe5 11. Qf3 Qxf3 (11... Rd8 $5 12. c3 Bc5 $11) 12. Nxf3 Bd6 13. Bg5 Ng6 14. h4 h6 15. Be3 Re8 16. g3 Bg4 17. Kg2 Nf8 18. c3 Nd7 19. b4 Nb6 20. Bb3 Kf8 21. Rfd1 Red8 22. Rd2 f6 23. Rad1 Be7 24. a4 Rxd2 25. Rxd2 a5 26. b5 Ke8 27. Ne1 Rd8 28. f3 Rxd2+ 29. Bxd2 Bh5 30. c4 (30. Be3 $142) 30... Bf7 $11 ({Much less strong is} 30... Bb4 31. Bxb4 axb4 32. c5 $16) 31. Bxa5 Nxc4 32. Bxc4 Bxc4 33. Bxc7 {[%emt 0:00:02] KBB-KBN} Kd7 34. Bb6 {[%emt 0:00:16] The position is equal.} Bb3 35. a5 Bc4 36. a6 bxa6 37. bxa6 Bxa6 {[%emt 0:00:10] Weighted Error Value: White=0.10 (very precise) /Black=0.07 (flawless)} 1/2-1/2

[Event "Czech Open-Rapid 2022"]
[Site "Pardubice"]
[Date "2022.07.20"]
[Round "3.12"]
[White "Neuman, Petr"]
[Black "Valenta, Vit Vaclav"]
[Result "1-0"]
[ECO "A20"]
[WhiteElo "2378"]
[BlackElo "1996"]
[Annotator "TA"]
[PlyCount "97"]
[EventDate "2022.07.20"]
[EventType "swiss"]
[EventCountry "CZE"]
[SourceTitle "playchess.com"]
[Source "ChessBase"]
[SourceQuality "1"]
[TimeControl "1200+10"]

1. c4 e5 2. g3 g6 3. d4 exd4 4. Qxd4 Qf6 5. Qe3+ Qe7 6. Nc3 {[%emt 0:00:52] A20: English Opening: 1...e5.} Qxe3 7. Bxe3 ({Don't play} 7. fxe3 Bg7 $11) 7... Bg7 {[%emt 0:00:05] Inhibits Bd4.} 8. Nd5 {[%emt 0:00:32] White is slightly better.} Na6 9. O-O-O Ne7 10. Nxe7 Kxe7 11. Nh3 d6 12. Nf4 (12. Bg2 {is interesting.} Bf5 13. Nf4 Nb4 14. Nd5+) 12... Be6 ({Better is} 12... Bf5 $11) 13. Nxe6 $14 (13. Bg2 {seems wilder.} Nb4 14. Nxe6 fxe6 15. Kb1) 13... fxe6 14. Bg2 {[%emt 0:00:14] [#]} c6 $146 ({Predecessor:} 14... Rab8 15. Bxa7 Ra8 16. Bd4 Bxd4 17. Rxd4 Nc5 18. Kb1 e5 19. Rd2 Rhf8 20. Rf1 Rab8 {1-0 (37) Delchev,A (2572)-Durdevic,R (2114) Genova 2003}) 15. h4 {[%emt 0:00:02] White is more active.} d5 16. cxd5 cxd5 17. Kb1 (17. h5 {feels hotter.} Rac8+ 18. Kb1 b6 19. g4) 17... b6 18. Bg5+ Bf6 19. e4 dxe4 20. Bxe4 Rad8 21. Rde1 Nc5 22. Bc2 {[%emt 0:00:02] This bishop pair is nice.} Nd3 23. Re2 a5 24. Rd1 Nc5 25. Rde1 Bxg5 26. hxg5 Rd6 ({Black should try} 26... h6 $11) 27. f4 Kf7 28. b3 Kg7 29. a3 {[%emt 0:00:09] Threatens to win with b4.} Rd4 {[%emt 0:00:46] Against b4} 30. Rd1 (30. Rh1 {is more complex.} Rhd8 31. Rh6 Rd2 32. Re1) 30... Rhd8 31. Rxd4 Rxd4 {[%emt 0:00:01][%mdl 4096] Endgame KRB-KRN} 32. Kb2 Kf7 33. Kc3 Rd6 34. Kc4 Na6 35. Be4 Nc7 36. b4 axb4 $1 37. axb4 Rd1 $1 38. Rh2 Kg7 39. Ra2 Kf7 40. Ra7 Rd7 {[%emt 0:00:05][%mdl 8192] This move loses the game for Black.} (40... Kf8 $16) 41. Bc6 $18 Re7 {[%emt 0:00:02] [#]} 42. Rb7 $1 e5 43. Rxb6 {[%emt 0:01:43] aiming for b5.} e4 {[%emt 0:00:12] [#]} 44. Rb7 $1 {[%emt 0:00:02] Hoping for b5.} e3 $2 (44... Kf8 45. Ra7 (45. b5 e3 $16) 45... e3) 45. Bf3 {[%emt 0:00:03] White is clearly winning.} Rd7 46. b5 {[%emt 0:00:33][%cal Bb4b5,Bb5b6][%mdl 32] b6 would kill now.} Ke7 47. b6 Na6 48. Rxd7+ Kxd7 49. Kd3 {[%emt 0:00:04] Weighted Error Value: White=0.04 (flawless) /Black=0.32} 1-0